 Dungeon Crawl Stone Soup version 0.21.1-1-g345015fe64 (webtiles) character file.

1546 Kohma the Chopper (level 8, -7/71 HPs)
             Began as a Minotaur Berserker on June 8, 2018.
             Was an Elder of Trog.
             Killed by divine providence
             ... invoked by an orc priest
              (13 damage)
             ... on level 6 of the Dungeon.
             The game lasted 00:29:36 (6134 turns).

Kohma the Chopper (Minotaur Berserker)              Turns: 6134, Time: 00:29:36

Health: -7/71      AC: 13    Str: 24    XL:     8   Next: 57%
Magic:  7/7        EV:  8    Int:  4    God:    Trog [****..]
Gold:   314        SH:  0    Dex: 10    Spells: 7/7 levels left

rFire    . . .     SeeInvis .   E - +3 war axe
rCold    . . .     Gourm    .   (no shield)
rNeg     . . .     Faith    .   n - +1 plate armour
rPois    .         Spirit   .   (helmet restricted)
rElec    .         Reflect  .   (no cloak)
rCorr    .         Harm     .   (no gloves)
MR       .....                  (no boots)
Stlth    ..........             (no amulet)
HPRegen  0.21/turn              (no ring)
MPRegen  0.10/turn              (no ring)

@: no status effects
A: retaliatory headbutt, horns 2
a: Berserk, Trog's Hand, Brothers in Arms, Burn Spellbooks, Renounce Religion


You were on level 6 of the Dungeon.
You worshipped Trog.
Trog was greatly pleased with you.
You were very hungry.

You visited 1 branch of the dungeon, and saw 6 of its levels.

You collected 314 gold pieces.

Inventory:

Hand Weapons
 f - a +0 dagger of venom
 u - a +4 flail of protection
 v - a cursed +0 blowgun
 E - a +3 war axe (weapon)
Missiles
 a - 3 silver tomahawks
 i - 182 stones
 k - 23 arrows
 q - 46 poisoned needles
 t - 7 javelins (quivered)
 w - 42 bolts
Armour
 n - a +1 plate armour (worn)
 H - a +0 ring mail of poison resistance
Jewellery
 e - a cursed ring of teleportation
 p - a cursed ring of teleportation
 y - a +6 ring of strength {unknown}
 z - a +2 ring of intelligence {unknown}
Wands
 A - a wand of flame (30)
 D - a wand of paralysis (19)
Scrolls
 b - 2 scrolls of remove curse
 g - a scroll of fear
 m - a scroll of amnesia
Potions
 d - 4 potions of curing
 h - a potion of cancellation {unknown}
 j - 3 potions of flight
 l - 2 potions of might {unknown}
 s - 2 potions of degeneration {unknown}
 x - a potion of mutation {unknown}
 C - a potion of haste {unknown}
 G - a potion of heal wounds {unknown}
Comestibles
 c - 6 rations


   Skills:
 + Level 6.9 Fighting
 * Level 7.8(8.7) Axes
 - Level 5.6(7.6) Maces & Flails
 + Level 6.2 Armour
 + Level 4.2 Dodging


You had 7 spell levels left.
You didn't know any spells.

Dungeon Overview and Level Annotations

Branches:
Dungeon (6/15)
 Temple: D:4-7

Altars:
Dithmenos
Fedhas
Gozag
Hepliaklqana
Makhleb
Xom

Shops:
D:5 (

Annotations:
D:5 War Axe in shop 571 gold?


Innate Abilities, Weirdness & Mutations

You reflexively headbutt those who attack you in melee.
You have a pair of horns on your head.


Message History

The orc priest mumbles some strange prayers to Beogh against you.
Beogh smites you!
The orc warrior hits you with a halberd.
You closely miss the orc warrior. You headbutt the orc warrior.
The orc warrior is moderately wounded.
The orc warrior hits you with a halberd!
* * * LOW HITPOINT WARNING * * *
You barely miss the orc warrior.
The orc warrior is moderately wounded.
The orc priest calls down the wrath of Beogh upon you.
Beogh smites you!
* * * LOW HITPOINT WARNING * * *
The orc warrior hits you from afar with a halberd.
* * * LOW HITPOINT WARNING * * *
The orc priest calls upon Beogh to heal the orc warrior.
The orc warrior is healed somewhat.
There is an open door here.
The orc priest calls down the wrath of Beogh upon you.
Beogh smites you!
You die...

#######.........#.#.#.#.
#.#########....... #.#
#........#.## #.#
#............ #.#
##########.#. #.# #.#.
#.# #.#. ###'### #.#.
#..@..# #.#. #.....#
#.#. #.....# #.#.
#..o..# #.#. #.....#
#.#. ###o########## #.#.
..#.#........# #.#.
#####+#.#.#.######.#
#.#. #.......#.#.# #.#
#...


You could see an orc warrior and an orc priest.

Vanquished Creatures
  Grinder (D:6)
  Sigmund (D:4)
  Menkaure (D:4)
  An orc warrior (D:6)
  A sky beast (D:6)
  A phantom (D:4)
  2 ogres
  2 scorpions (D:5)
  2 howler monkeys (D:4)
  A bullfrog zombie (D:5)
  A centaur skeleton (D:6)
  2 orc wizards (D:6)
  A hound (D:4)
  An iguana (D:4)
  2 worker ants
  A worker ant zombie (D:5)
  6 adders
  A shadow imp (D:6)
  An ooze (D:2)
  An adder skeleton (D:4)
  2 worms (D:2)
  A dart slug (D:3)
  3 leopard geckos
  17 orcs
  8 giant cockroaches
  9 goblins
  4 hobgoblins
  10 jackals
  8 kobolds
  3 quokkas
  4 ball pythons
  15 bats
  7 frilled lizards
  A leopard gecko skeleton (D:5)
  3 rats
125 creatures vanquished.

Notes
Turn   | Place    | Note
-------+----------+-------------------------------------------
     0 | D:1      | Kohma the Minotaur Berserker began the quest for the Orb.
     0 | D:1      | Reached XP level 1. HP: 19/19 MP: 0/0
   214 | D:1      | Reached XP level 2. HP: 20/27 MP: 1/1
   219 | D:1      | Reached skill level 4 in Axes
   662 | D:2      | Reached XP level 3. HP: 29/33 MP: 2/2
   669 | D:2      | Reached ** piety under Trog
   892 | D:2      | Reached XP level 4. HP: 32/40 MP: 3/3
  1550 | D:3      | Reached skill level 5 in Axes
  1649 | D:3      | Reached XP level 5. HP: 44/47 MP: 4/4
  1683 | D:3      | Reached *** piety under Trog
  1714 | D:4      | Noticed a phantom
  2193 | D:3      | Reached skill level 1 in Maces & Flails
  2581 | D:4      | Killed a phantom
  2599 | D:4      | Noticed an ogre
  2605 | D:4      | Killed an ogre
  2605 | D:4      | Reached skill level 5 in Fighting
  2605 | D:4      | Reached XP level 6. HP: 46/56 MP: 5/5
  2619 | D:4      | Reached skill level 6 in Axes
  2690 | D:4      | Noticed Menkaure
  2701 | D:4      | Killed Menkaure
  2701 | D:4      | Reached XP level 7. HP: 26/61 MP: 6/6
  3079 | D:5      | Entered Level 5 of the Dungeon
  3117 | D:4      | Noticed Sigmund
  3127 | D:4      | Killed Sigmund
  3210 | D:4      | Reached skill level 5 in Armour
  3381 | D:4      | Reached skill level 5 in Maces & Flails
  4152 | D:5      | Found a shimmering altar of Xom.
  4153 | D:5      | Found a hazy altar of Hepliaklqana.
  4153 | D:5      | Noticed a yak
  4154 | D:5      | Noticed a yak
  4154 | D:5      | Noticed a spectral ugly thing
  4202 | D:5      | Found a blossoming altar of Fedhas.
  4203 | D:5      | Found a burning altar of Makhleb.
  4204 | D:5      | Found a shadowy altar of Dithmenos.
  4324 | D:5      | Found Begop's Weapon Emporium.
  4676 | D:6      | Reached XP level 8. HP: 5/70 MP: 7/7
  5002 | D:6      | Noticed Grinder
  5009 | D:6      | Killed Grinder
  5009 | D:6      | Reached skill level 7 in Axes
  5113 | D:5      | Reached **** piety under Trog
  5203 | D:5      | Found an opulent altar of Gozag.
  6123 | D:6      | HP: 3/71 [orc warrior/halberd (5)]
  6134 | D:6      | Killed from afar by an orc priest

Skill      XL: |  1  2  3  4  5  6  7  8 |
---------------+-------------------------+-----
Axes           | 4 5 6 7 |  7.8
Fighting       | 4 5 6 |  6.9
Armour         | 3 4 5 6 |  6.2
Dodging        | 3 4 |  4.2
Maces & Flails | 2 3 5 |  5.6

Action                   |  1- 3 |  4- 6 |  7- 9 || total
-------------------------+-------+-------+-------++-------
Melee: Hand axe          |    70 |    80 |       ||   150
       Headbutt          |     7 |    17 |    21 ||    45
       Flail             |       |    41 |    53 ||    94
       War axe           |       |       |    50 ||    50
Throw: Stone             |       |     6 |       ||     6
Invok: Berserk           |       |     1 |       ||     1
  Use: Scroll            |       |     8 |     6 ||    14
  Eat: Chunk             |       |     5 |     4 ||     9
       Ration            |       |       |     2 ||     2
Armor: Animal skin       |    26 |       |       ||    26
       Plate armour      |    17 |    59 |    78 ||   154
Dodge: Dodged            |    57 |    55 |    60 ||   172
